[Event "USA-ch Junior Girls 2019"]
[Site "Saint Louis"]
[Date "2019.07.19"]
[Round "8.2"]
[White "Yan, Ruiyang"]
[Black "Zilajeva, Veronika"]
[Result "1-0"]
[ECO "C11"]
[WhiteElo "1851"]
[BlackElo "1855"]
[Annotator "NA"]
[PlyCount "87"]
[EventDate "2019.07.09"]
[EventType "tourn"]
[EventCountry "USA"]
[SourceTitle "playchess.com"]
[Source "ChessBase"]
[SourceQuality "1"]
[TimeControl "40/5400+30:1800+30"]

1. e4 e6 2. d4 d5 3. Nc3 Nf6 4. e5 Nfd7 5. f4 c5 6. Nf3 Nc6 7. Be3 Qb6 8. Na4 Qa5+ 9. c3 c4 10. b4 Qd8 {[%emt 0:02:24] C11: French: Classical System: 4 e5 and 4 Bg5 dxe4} (10... Qc7 11. Be2 Be7 12. O-O O-O 13. Qd2 f5 14. exf6 Nxf6 15. Qc2 b6 16. Ne5 Bb7 17. Nb2 b5 18. a4 a6 19. Bf3 Bd6 20. Rae1 {1-0 (144) Robson,R (2660)-Akobian,V (2647) Saint Louis 2018}) 11. Qd2 $146 ({Predecessor:} 11. Be2 b5 12. Nc5 Nxc5 13. dxc5 a5 14. a3 Be7 15. O-O O-O 16. Nd4 Nxd4 17. Bxd4 Bd7 18. Bf3 {1-0 (54) Samsonkin,A (2424)-Tremblay,R (2146) Kingston 2019}) 11... Ne7 12. Be2 h5 13. Bd1 Nf5 14. Bc2 Be7 15. g3 Nf8 16. Bf2 Bd7 17. Ke2 Bxa4 18. Bxa4+ Nd7 19. h3 g6 20. g4 Ng7 21. Bc2 Nf8 22. a4 Qd7 23. a5 O-O-O 24. Rhb1 hxg4 25. hxg4 g5 26. fxg5 Ng6 27. Rh1 Rxh1 28. Rxh1 Rh8 29. Rh6 Qe8 30. Be3 Qf8 31. Qe1 Ne8 32. Bxg6 fxg6 33. Nh4 Rg8 34. Nxg6 Qg7 35. Nxe7+ Qxe7 36. g6 Qd7 37. Qf1 $18 Qa4 38. Qf7 Qc2+ 39. Kf3 Qe4+ 40. Kf2 Qc2+ 41. Kg3 Qe2 42. Bf2 Qd3+ 43. Kh2 Qd2 44. Rh7 1-0

[Event "USA-ch Junior Girls 2019"]
[Site "Saint Louis"]
[Date "2019.07.20"]
[Round "9.3"]
[White "Nguyen, Emily"]
[Black "Yip, Carissa"]
[Result "1/2-1/2"]
[ECO "A40"]
[WhiteElo "2102"]
[BlackElo "2285"]
[Annotator "ChessBase"]
[PlyCount "93"]
[EventDate "2019.07.09"]
[EventType "tourn"]
[EventCountry "USA"]
[SourceTitle "playchess.com"]
[Source "ChessBase"]
[SourceQuality "1"]
[TimeControl "40/5400+30:1800+30"]

1. d4 g6 2. c4 Bg7 3. Nc3 Nf6 4. Nf3 O-O 5. g3 d5 6. cxd5 Nxd5 7. Bg2 Nb6 8. O-O Nc6 9. d5 Na5 10. Qc2 c6 11. dxc6 Nxc6 12. Rd1 Qe8 13. Qe4 e5 14. Qh4 Qe7 15. Qxe7 Nxe7 16. Be3 Nc6 17. Nb5 e4 18. Nfd4 Nc4 19. Bxe4 Nxe3 20. fxe3 Bh6 21. Nxc6 Bxe3+ 22. Kg2 bxc6 23. Bxc6 Rb8 24. Rd3 Bh6 25. b3 Rb6 26. Nxa7 Bf5 27. e4 Rxc6 28. exf5 Rc2+ 29. Kh3 Ra8 30. Nb5 Bg7 31. f6 Bxf6 32. Rf1 Raxa2 33. Rxf6 h5 34. Kh4 Rc5 35. h3 Rxb5 36. Rd7 Re2 37. Rdxf7 Re4+ 38. g4 Re8 39. Ra7 hxg4 40. Rxg6+ Kh8 41. hxg4 Rxb3 42. Rc6 Rb1 43. g5 Rh1+ 44. Kg4 Rg1+ 45. Kh5 Rh1+ 46. Kg4 Rg1+ 47. Kh5 1/2-1/2

[Event "USA-ch Junior Girls 2019"]
[Site "Saint Louis"]
[Date "2019.07.20"]
[Round "9.4"]
[White "Zilajeva, Veronika"]
[Black "Li, Rachael"]
[Result "1-0"]
[ECO "A58"]
[WhiteElo "1855"]
[BlackElo "1736"]
[Annotator "NA RC"]
[PlyCount "261"]
[EventDate "2019.07.09"]
[EventType "tourn"]
[EventCountry "USA"]
[SourceTitle "playchess.com"]
[Source "ChessBase"]
[SourceQuality "1"]
[TimeControl "40/5400+30:1800+30"]

1. d4 Nf6 2. c4 c5 3. d5 b5 4. cxb5 a6 5. bxa6 g6 6. Nc3 Bxa6 7. g3 Bg7 8. Bg2 d6 9. h4 {[%emt 0:06:45] A58: Benko/Volga Gambit: Lines with 5 bxa6} (9. Nf3 Nbd7 10. Rb1 O-O 11. O-O Qa5 12. Bd2 Rfb8 13. a4 Qd8 14. b3 Bb7 15. Nh4 Nb6 16. e4 Ba6 17. Re1 Nbd7 18. f4 Bd3 19. Rc1 c4 20. e5 {0-1 (41) Rodshtein,M (2699)-Kislinsky,A (2513) Katowice 2017}) 9... h5 10. Nh3 O-O 11. O-O Nbd7 12. f4 $146 ({Predecessor:} 12. Rb1 Qa5 13. Qc2 Ng4 14. Bd2 Rfb8 15. b3 Bc8 16. Nf4 Nde5 {½-½ (39) Alber,H (2340)-Scheider,J (2275) Osterburg 2012}) 12... Ng4 13. Kh1 Bd4 14. Qc2 Kg7 15. Nd1 Rb8 16. Ng5 Bf6 17. f5 Nde5 18. Be4 Qd7 19. Nh3 e6 20. fxe6 fxe6 21. Nf4 exd5 22. Bxg6 Bxh4 23. Nxh5+ Kh8 24. Bf4 Nxg6 25. Qxg6 Bxe2 26. Nf2 Rg8 27. Qxd6 Qxd6 28. Bxd6 Bxf1 29. Nxg4 Bd3 30. Be5+ Kh7 31. gxh4 Rxg4 32. Nf6+ Kg6 33. Nxg4 Rb4 34. Nf2 Be2 35. Kg2 Rxh4 36. a4 Rh5 37. Bg3 d4 38. a5 Ba6 39. Re1 Kf7 40. Re5 Rxe5 41. Bxe5 Ke6 42. Bg7 Kd5 43. Kf3 c4 44. Ne4 c3 45. bxc3 dxc3 46. Bxc3 Bb7 47. Ke3 Ba6 48. Be1 Bb7 49. Nf6+ Kc5 50. Kd3 Bc6 51. Kc3 Bb5 52. Ne4+ Kc6 53. Kd4 Bf1 54. Nc3 Ba6 55. Nd5 Bf1 56. Nb4+ Kb5 57. Nc2 Kc6 58. Ne3 Be2 59. Nf5 Bf1 60. Ne7+ Kb5 61. Kd5 Bg2+ 62. Kd6 Be4 63. Kc7 Ka6 64. Ng8 Bd3 65. Kb8 Kb5 66. Nf6 Kc6 67. Ka7 Kd6 68. Kb6 Ke7 69. Nd5+ Kd7 70. Nc7 Bc4 71. Bg3 Kc8 72. Ne8 (72. a6 $142 Bf1 73. a7) 72... Bf1 73. Ng7 (73. Nd6+ $142 Kd7 74. a6 Bg2 75. a7 Ba8 76. Nb5 Bf3 77. Nc7 Bh1 78. Kc5) 73... Kd7 74. Nf5 Bd3 75. Nd4 Kc8 76. Nc6 Bf1 77. Na7+ Kd7 78. Nb5 Kc8 79. a6 Kd7 80. a7 Bg2 81. Nc7 Kc8 82. a8=Q+ Bxa8 83. Nxa8 Kd7 (83... Kd8 84. Nc7 Ke7 85. Nd5+ Kf7 86. Ne3) 84. Kc5 Ke6 85. Nc7+ Kf5 86. Kd4 Kg4 87. Bd6 Kf5 88. Kd5 Kg4 89. Ke4 Kg5 90. Ne8 Kg4 91. Nf6+ Kg5 92. Ke5 Kh4 93. Kf4 Kh3 94. Kf3 Kh4 95. Bf4 (95. Ne4 $142 Kh3 96. Ng5+ Kh4 97. Kf4 Kh5 98. Kf5 Kh4 99. Be5 Kh5 100. Bg3) 95... Kh3 96. Ne4 Kh4 97. Ng3 (97. Bg3+ $142 Kh5 98. Kf4 Kg6 99. Bh4 Kh5 100. Bf6 Kg6 101. Kg4 Kf7 102. Kf5) 97... Kh3 98. Bd2 Kh4 99. Be3 Kh3 100. Bg1 Kh4 101. Ne4 Kh5 102. Kf4 Kg6 103. Ke5 Kh5 104. Nf2 Kg5 105. Bh2 Kh5 106. Kf6 Kh6 107. Bd6 Kh5 108. Bg3 (108. Kf5 $142 Kh4 109. Be5 Kh5 110. Bf6 Kh6 111. Ne4 Kh5 112. Ng3+ Kh6 113. Be5) 108... Kh6 109. Nd3 Kh5 110. Ne5 Kh6 111. Ng6 Kh5 112. Kf5 Kh6 113. Be5 Kh5 114. Bg3 $2 (114. Bf6 {mates} Kh6 115. Nf8 Kh5 116. Ne6 Kh6 117. Bg5+ Kh7 118. Kf6 Kg8 119. Kg6 Kh8 120. Kf7 Kh7 121. Nf8+ Kh8 122. Bf6#) 114... Kh6 115. Kf6 $2 (115. Bd6 {mates} Kh5 116. Be5 Kh6 117. Nf4 Kh7 118. Kf6 Kh8 119. Ne6 Kh7 120. Bf4) 115... Kh5 116. Ne5 Kh6 117. Nd3 $2 (117. Bf2 {mates} Kh5 118. Kf5 Kh6 119. Bh4 Kg7 120. Be7 Kh6 121. Kg4 Kh7 122. Bf8) 117... Kh5 118. Kf5 Kh6 119. Be5 Kh5 120. Bf6 Kh6 121. Nf4 Kh7 122. Bg5 Kg7 123. Ke6 Kf8 124. Nh5 Ke8 125. Ng7+ Kf8 126. Kf6 Kg8 127. Ne6 Kh7 128. Kf7 Kh8 129. Bf4 Kh7 130. Nf8+ Kh8 131. Be5# 1-0

[Event "USA-ch Junior Girls 2019"]
[Site "Saint Louis"]
[Date "2019.07.20"]
[Round "9.5"]
[White "Bykovtsev, Agata"]
[Black "Yan, Ruiyang"]
[Result "1-0"]
[ECO "B20"]
[WhiteElo "2012"]
[BlackElo "1851"]
[Annotator "NA"]
[PlyCount "93"]
[EventDate "2019.07.09"]
[EventType "tourn"]
[EventCountry "USA"]
[SourceTitle "playchess.com"]
[Source "ChessBase"]
[SourceQuality "1"]
[TimeControl "40/5400+30:1800+30"]

1. e4 c5 2. b3 d6 3. Bb2 e5 4. Bc4 Nf6 (4... Nc6 5. Ne2 f5 6. d3 Nf6 7. O-O f4 8. Nd2 g5 9. b4 Nxb4 10. c3 Nc6 11. d4 Na5 {1-0 (43) Morozevich,A (2683)-Savchenko,B (2607) Moscow 2016}) 5. Nc3 Be6 6. d3 {[%emt 0:01:54] B20: Sicilian: Unusual White 2nd moves} Be7 7. Nge2 a6 8. a4 O-O 9. O-O Nc6 10. f4 Ng4 11. Bc1 Bxc4 12. bxc4 $146 ({Predecessor:} 12. dxc4) 12... exf4 13. Nxf4 Bf6 14. Qxg4 Bxc3 15. Rb1 Rb8 16. Nh5 g6 17. Bb2 Bxb2 18. Rxb2 Ne5 19. Qg3 f6 20. Nf4 Qd7 21. Nd5 Kg7 22. Nb6 Qe6 23. c3 f5 24. d4 f4 25. Qh3 Qxh3 26. gxh3 Nc6 27. Nd7 cxd4 28. Nxb8 Rxb8 29. cxd4 g5 30. Rfb1 Nxd4 31. Rxb7+ Rxb7 32. Rxb7+ Kf6 33. Rb6 Ke5 34. Rxa6 Nf3+ 35. Kf2 Nd2 36. Ra5+ Ke6 37. Rd5 Nxe4+ 38. Kf3 Nc3 39. Ra5 h6 {[%emt 0:00:27] [#]} 40. h4 $1 Kf6 41. Ra8 Nb1 42. a5 Nd2+ 43. Ke2 Nxc4 44. a6 Nb6 45. Rb8 Nd7 46. a7 Nxb8 47. axb8=Q 1-0